 Dungeon Sprint DCSS version 0.19.1-1-g22dce08 (webtiles) character file.

25 lorenzova the Conjurer (level 2, -6/15 HPs)
             Began as a Deep Elf Conjurer on Jan 3, 2017.
             Mangled by a water elemental (21 damage)
             ... in the Dungeon (Sprint III: "The Ten Rune Challenge").
             The game lasted 00:02:04 (272 turns).

lorenzova the Conjurer (Deep Elf Conjurer)           Turns: 272, Time: 00:02:04

Health: -6/15      AC:  2    Str:  5    XL:     2   Next: 82%
Magic:  8/11       EV: 13    Int: 19    God:
Gold:   8          SH:  0    Dex: 15    Spells: 2 memorised, 10 levels left

rFire  . . .     SeeInvis .     (no weapon)
rCold  . . .     Gourm    .     a - +0 robe
rNeg   . . .     Faith    .     (no shield)
rPois  .         Spirit   .     (no helmet)
rElec  .         Reflect  .     (no cloak)
rCorr  .         Harm     .     (no gloves)
MR     .....     NoTele   +     (no boots)
Stlth  ++........               (no amulet)
                                (no ring)
                                (no ring)

@: no status effects
A: no striking features
a: no special abilities


You were in the Dungeon.
You were not hungry.

You visited 1 branch You collected 8 gold pieces.

Inventory:

Armour
 a - a +0 robe (worn)
Scrolls
 i - a scroll of blinking
 j - a scroll of amnesia {unknown}
Potions
 d - a potion of curing
 e - a potion of heal wounds
 f - a potion of haste
 g - 2 potions of magic
 h - a potion of berserk rage
Books
 b - a book of Conjurations

   Spells                             Type                      Level
   a - Magic Dart                     Conjuration                  1
   b - Searing Ray                    Conjuration                  2
   c - Dazzling Spray                 Conjuration/Hexes            3
   d - Fulminant Prism                Conjuration/Hexes            4
   e - Iskenderun's Mystic Blast      Conjuration                  4
   f - Iskenderun's Battlesphere      Conjuration/Charms           5
Comestibles
 c - a bread ration


   Skills:
 - Level 2.4 Dodging
 - Level 2.4 Stealth
 + Level 6.0 Spellcasting
 + Level 6.3 Conjurations


You had 10 spell levels left.
You knew the following spells:

 Your Spells              Type           Power        Failure   Level  Hunger
a - Magic Dart            Conj           ####         1%          1    None
b - Searing Ray           Conj           ####..       1%          2    None


Dungeon Overview and Level Annotations

Branches:
Dungeon (1/1)

Altars:


Message History

You start resting.
Magic restored.
Memorise Searing Ray, consuming 2 spell levels and leaving 10?
You start memorising the spell.
You continue memorising. x2
You finish memorising.
Spell assigned to 'b'.
You see here a human corpse.
You open the door.
A water elemental comes into view.
Casting: Magic Dart
Confirm with . or Enter, or press ? or * to list all spells.
Aiming: Searing Ray
Press: ? - help, Shift-Dir - straight line, f - water elemental
Aim: a water elemental The searing ray hits the water elemental.
The water elemental is lightly damaged.
The searing ray hits the water elemental.
The water elemental is lightly damaged.
The water elemental hits you!!
Ouch! That really hurt!
You die...

▓▓▓ ▓▓▓ <.# ♣.# ..#
#..s.♣.♣ ♣♣.#
#'####....♣. ♣..#
.....#....≈♣♣♣♣♣.# #+#+#
.....#...≈≈......#......
.....#..≈≈≈≈♣♣♣♣@E.⌠....
####'#..≈≈≈≈≈≈...#...###
..†..#.≈≈≈≈≈≈....# ⌠.#
...†.#.≈≈≈≈≈.....# .#
.....#.≈≈≈.......# #
'#####...........#
........†........#
▓▓▓▓▓▓▓▓▓▓▓▓▓▓▓▓▓▓


You could see a water elemental.

Vanquished Creatures
  A human (D)
  An ooze (D)
  3 rats (D)
5 creatures vanquished.

Vanquished Creatures (others)
  2 draconian scorchers (D)
  6 hellions (D)
8 creatures vanquished.

Grand Total: 13 creatures vanquished

Notes
Turn   | Place    | Note
-------+----------+-------------------------------------------
     0 | D        | lorenzova the Deep Elf Conjurer began the quest for the Orb.
     0 | D        | Reached XP level 1. HP: 10/10 MP: 6/6
     8 | D        | Reached skill level 5 in Conjurations
    90 | D        | Killed a hellion
    91 | D        | Killed a hellion
   121 | D        | Killed a hellion
   123 | D        | Killed a hellion
   123 | D        | Killed a hellion
   126 | D        | Noticed a scorpion
   146 | D        | Killed a hellion
   148 | D        | Reached XP level 2. HP: 9/15 MP: 0/11
   220 | D        | Killed a white draconian scorcher
   228 | D        | Killed a white draconian scorcher
   243 | D        | Learned a level 2 spell: Searing Ray
   270 | D        | Noticed a water elemental
   272 | D        | Mangled by a water elemental

Skill      XL: |  1 |
---------------+----+-----
Spellcasting   | 6 |  6.0
Conjurations   | 6 |  6.3
Dodging        | |  2.4
Stealth        | |  2.4

Action                   || total
-------------------------++-------
Melee: Unarmed           ||     9
 Cast: Magic Dart        ||    19
       Searing Ray       ||     1
Armor: Robe              ||     2
Dodge: Dodged            ||     9
